[Event "ICC tourney 2955 (40 10)"]
[Site "Internet Chess Club"]
[Date "2022.07.09"]
[Round "5"]
[White "ZHOU, YUCHEN:K01-30171464"]
[Black "ZHANG, ARI:brass60Six"]
[Result "0-1"]
[ICCResult "White resigns"]
[WhiteElo "764"]
[BlackElo "1289"]
[Opening "QGD: 4.Nf3"]
[ECO "D37"]
[NIC "QO.16"]
[Time "20:00:13"]
[PlyCount "106"]
[TimeControl "2400+10"]

1. d4 d5 2. c4 e6 3. Nc3 Nf6 4. Nf3 Nc6 5. Bg5 Be7 6. e3 h6 7. Bh4 a6 8. Bd3
Rb8 9. O-O O-O 10. Re1 b6 11. Qe2 Ra8 12. Bg3 Bb7 13. Rad1 Bd6 14. e4 dxe4
15. Nxe4 Bxg3 16. hxg3 Kh8 17. Bb1 Qe7 18. Qd3 Nb4 19. Qb3 Nxe4 20. Bxe4
Bxe4 21. Rxe4 Rfe8 22. a3 Nc6 23. Ne5 Nxe5 24. Rxe5 Qd6 25. Ree1 Qd8 26. Qc2
Qf6 27. Qe4 Rad8 28. Qe5 Qxe5 29. dxe5 Kg8 30. Kh2 Kh7 31. Kh3 Kg6 32. Kg4
f6 33. exf6 Kxf6 34. Kf4 Rd6 35. b4 Red8 36. Rxd6 Rxd6 37. Re4 Rd3 38. Re3
Rd2 39. Kf3 Rc2 40. Re4 Rc3+ 41. Re3 Rxc4 42. Rd3 c5 43. bxc5 bxc5 44. Ke2
Rd4 45. Rc3 Ra4 46. Kd2 c4 47. Ke3 Ke5 48. f4+ Kd5 49. g4 Ra5 50. g3 Rb5 51.
a4 Rb4 52. Rd3+ cxd3 53. Kxd3 Rb3+ {White resigns} 0-1

[Event "ICC tourney 2955 (40 10)"]
[Site "Internet Chess Club"]
[Date "2022.07.09"]
[Round "5"]
[White "STONE, GILBERT L:tightfist"]
[Black "LAIDO, MATTHEW:Dabao"]
[Result "1-0"]
[ICCResult "Black checkmated"]
[WhiteElo "1283"]
[BlackElo "1173"]
[Opening "Queen's pawn game"]
[ECO "D05"]
[NIC "QP.09"]
[Time "20:00:24"]
[PlyCount "123"]
[TimeControl "2400+10"]

1. Nf3 d5 2. d4 Nf6 3. e3 e6 4. c4 c5 5. cxd5 exd5 6. Nc3 b6 7. Bb5+ Bd7 8.
O-O Bxb5 9. Nxb5 Nbd7 10. b3 Be7 11. Ba3 O-O 12. Rc1 Re8 13. Ne5 Nxe5 14.
dxe5 Ne4 15. Nc3 Nxc3 16. Rxc3 Qc7 17. Qxd5 Rad8 18. Qe4 Bf6 19. f4 g6 20.
Rd3 Bg7 21. Rfd1 Rxd3 22. Qxd3 Bf8 23. Qd7 Qb8 24. Bb2 Be7 25. e6 Rd8 26.
exf7+ Kxf7 27. Qg4 Bd6 28. Qh4 Kg8 29. Qf6 Qc7 30. Qh8+ Kf7 31. Qxh7+ Ke8
32. Qxg6+ Kd7 33. Qf7+ Kc8 34. Qxc7+ Kxc7 35. Be5 Bxe5 36. Rxd8 Kxd8 37.
fxe5 Kd7 38. Kf2 Ke6 39. Ke2 Kxe5 40. Kd3 b5 41. h4 a5 42. g4 Kd5 43. h5 Ke5
44. a3 Kf6 45. h6 Kg6 46. g5 Kh7 47. e4 Kg6 48. e5 a4 49. bxa4 b4 50. axb4
cxb4 51. Kc4 b3 52. Kxb3 Kh7 53. e6 Kg6 54. e7 Kh7 55. Kc4 Kg6 56. Kd5 Kh7
57. a5 Kg6 58. a6 Kh7 59. a7 Kg6 60. e8=Q+ Kh7 61. Qf7+ Kh8 62. Qg7#
{Black checkmated}
1-0

[Event "ICC tourney 2955 (40 10)"]
[Site "Internet Chess Club"]
[Date "2022.07.09"]
[Round "5"]
[White "BABARIA, RAJVI RAKESH:rajvibabaria1"]
[Black "Johns, Timothy Wesley:nishanth600"]
[Result "1/2-1/2"]
[ICCResult "Game drawn by mutual agreement"]
[WhiteElo "1333"]
[BlackElo "647"]
[Opening "Caro-Kann defense"]
[ECO "B10"]
[NIC "CK.01"]
[Time "20:00:14"]
[PlyCount "130"]
[TimeControl "2400+10"]

1. e4 c6 2. Nf3 d5 3. e5 Bf5 4. d4 e6 5. Nc3 Nd7 6. Bd3 Bxd3 7. Qxd3 a6 8.
O-O c5 9. Be3 Ne7 10. dxc5 Nf5 11. b4 Qc7 12. Bf4 Be7 13. Ne2 b6 14. cxb6
Nxb6 15. c3 O-O 16. Ned4 Nxd4 17. Nxd4 Nc4 18. Rfe1 Rfc8 19. Rac1 Nb2 20.
Qc2 Nc4 21. g3 Qd7 22. h4 Rc7 23. g4 Bxh4 24. g5 Qe7 25. Nf3 h6 26. g6 Qd8
27. Kh1 Rac8 28. Rg1 f5 29. exf6 Qxf6 30. Rg4 e5 31. Nxh4 exf4 32. Qf5 Qxf5
33. Nxf5 Rf8 34. Re1 Nd2 35. Rxf4 Ne4 36. c4 Nf6 37. Ne7+ Kh8 38. Nxd5 Rcc8
39. Nxf6 Rxf6 40. Rxf6 gxf6 41. c5 Kg7 42. Re6 a5 43. a3 Kxg6 44. Kg2 Kf5
45. Rd6 axb4 46. axb4 Ke5 47. f4+ Kf5 48. c6 Rb8 49. c7 Rc8 50. Rd7 Ke6 51.
Rh7 h5 52. b5 Kd6 53. b6 Kc6 54. Rxh5 Kxb6 55. Rf5 Rg8+ 56. Kf3 Kxc7 57.
Rxf6 Kd7 58. Ke4 Rg1 59. Rf7+ Ke6 60. Ra7 Re1+ 61. Kf3 Rf1+ 62. Kg3 Rg1+ 63.
Kf2 Rd1 64. Ra6+ Kf5 65. Ke2 Rd4 {Game drawn by mutual agreement} 1/2-1/2